 Dungeon Crawl Stone Soup version 0.29.0-4-gdea44cf6ec (webtiles) character file.

Game seed: 709632582192029950

11144 qw the Grappler (level 11, -1/104 HPs)
             Began as a Troll Cinder Acolyte on Sept 1, 2022.
             Was a Follower of Ignis.
             Slain by a meliai
             ... wielding the +8 rapier "Moenamil" {pain, Contam rElec rF+ rCorr}
              (9 damage)
             ... on level 11 of the Dungeon.
             The game lasted 00:05:39 (9398 turns).

qw the Grappler (Troll Cinder Acolyte)              Turns: 9398, Time: 00:05:39

Health: -1/104     AC: 17    Str: 34    XL:     11   Next: 45%
Magic:  11/11      EV:  8    Int: 10    God:    Ignis [*.....]
Gold:   688        SH: 13    Dex:  5    Spells: 12/12 levels left

rFire   + . .      SeeInvis .     - Unarmed
rCold   . . .      Faith    .   r - +0 kite shield
rNeg    + . .      Spirit   .   s - +2 acid dragon scales
rPois   .          Reflect  +   (helmet restricted)
rElec   .          Harm     .   (no cloak)
rCorr   +          Rampage  .   (gloves unavailable)
Will    .....                   (boots unavailable)
Stlth   ..........              q - amulet of reflection
HPRegen 1.07/turn               l - +6 ring of strength
MPRegen 0.12/turn               v - ring of positive energy

@: fiery-armoured
A: large, unfitting armour, claws 3, regeneration 1, shaggy fur 1, tough skin 1
a: Renounce Religion, Fiery Armour, Foxfire Swarm, Rising Flame


You were on level 11 of the Dungeon.
You worshipped Ignis.
Ignis was aware of your devotion.
You visited 1 branch of the dungeon, and saw 11 of its levels.
You also visited: Ossuary.

You collected 688 gold pieces.


Innate Abilities, Weirdness & Mutations

You are too large for most types of armour.
You have claws for hands.
Your natural rate of healing is unusually fast.
You are covered in fur. (AC +1)
You have tough skin. (AC +1)


   Skills:
 - Level 5.3 Fighting
 - Level 3.7 Throwing
 - Level 1.8 Armour
 - Level 1.1 Dodging
 + Level 8.6 Shields
 - Level 13.8 Unarmed Combat
 - Level 1.0 Spellcasting
 - Level 2.1 Fire Magic


You had 12 spell levels left.
You didn't know any spells.
Your spell library contained the following spells:

 Spells                   Type           Power      Damage    Failure   Level
 Scorch                   Fire           8%         2d5       43%         2

Inventory:

Missiles
 u - a silver javelin (quivered)
Armour
 r - a +0 kite shield (worn)
 s - +2 acid dragon scales (worn)
Jewellery
 l - a +6 ring of strength (left claw)
 p - a ring of fire
 q - an amulet of reflection (around neck)
 v - a ring of positive energy (right claw)
Scrolls
 m - 3 scrolls of identify
 o - 2 scrolls of enchant weapon
Potions
 c - 3 potions of mutation
 d - 5 potions of curing
 e - 3 potions of might
 g - 2 potions of haste
 h - 3 potions of resistance

Dungeon Overview and Level Annotations

Branches:
Dungeon (11/15)            Temple (0/1) D:4            Lair (0/5) D:11
    Orc (0/2) D:10        Ossuary (visited)

Altars:
Ashenzari
Cheibriados
Dithmenos
Elyvilon
Fedhas
Gozag
Qazlal
Ru
Uskayaw
Wu Jian
Xom

Shops:
D:5 (


Message History

The troll is lightly wounded.
The troll claws you but does no damage.
The troll is burned by your cloak of flames.
The troll is lightly wounded.
You block the troll's attack.
The howler monkey hoots and howls with incredible vigour!
Maurice hits you but does no damage.
Maurice is burned terribly!
Maurice is burned by your cloak of flames.
Maurice is severely wounded.
You barely miss Maurice.
Maurice is severely wounded.
The meliai hits you with the +8 rapier "Moenamil" {pain, Contam rElec rF+ rCorr}!
You writhe in agony.
The meliai resists.
The meliai is burned by your cloak of flames.
The meliai is lightly wounded.
The meliai barely misses you.
The meliai hits you with the +8 rapier "Moenamil" {pain, Contam rElec rF+ rCorr}.
The meliai resists.
The meliai is burned by your cloak of flames.
The meliai is lightly wounded.
The meliai stings you but does no damage.
The meliai resists.
The meliai is burned by your cloak of flames.
The meliai is lightly wounded.
A komodo dragon comes into view.
You block the wraith's attack. You block the troll's attack. x2
The troll barely misses you.
A gnoll sergeant comes into view. It is wielding a +0 spear.
9397 ||| Stepping ~*~*~tactically~*~*~ (outnumbered).
The meliai calls down the wrath of its god upon you.
Something smites you! You block the meliai's attack. x2
A yak comes into view.
Maurice closely misses you. You block the troll's attack. The troll claws you!
The troll is burned by your cloak of flames.
The troll is lightly wounded.
The troll closely misses you.
You mangle Maurice!!
You kill Maurice!
The meliai hits you with the +8 rapier "Moenamil" {pain, Contam rElec rF+ rCorr}!
You die...

...(....g...P......#
..P.()...l.........#
........Y)P.....##
.....(.....)....#
.P.......%)h....#
...PP.....P.C..B#
.......(.(.%%.TW#
.......P...%>.T)#
.............y@#
.#.#..........#
#............#
##..........#
#..........#
#..........#
............
#########


You could see a boulder beetle, a cyclops, a komodo dragon, a yak, 2 trolls, a
wraith, a meliai and a howler monkey (catching breath).

Vanquished Creatures
  A boulder beetle (D:11)
  A tengu warrior (D:11)
  A cyclops (D:11)
  Maurice (D:11)
  A gargoyle (D:11)
  A kobold demonologist (D:11)
  A komodo dragon (D:11)
  3 trolls
  Prince Ribbit (D:5)
  12 yaks
  2 wraiths
  5 vampire mosquitoes (D:11)
  An acid dragon (D:10)
  4 water moccasins
  3 orc warriors
  2 black bears (D:11)
  4 ice beasts
  3 ogres
  5 centaurs
  2 phantoms
  2 gnoll sergeants
  A necrophage (D:5)
  4 bullfrogs
  4 water moccasin zombies (Ossuary)
  4 scorpions
  14 wights
  3 killer bees (D:9)
  5 howler monkeys
  5 hounds (D:5)
  A quasit (D:6)
  A jelly (D:5)
  4 gnoll boudas
  5 orc priests
  3 iguanas
  6 orc wizards
  2 mummies (Ossuary)
  Robin (D:3)
  7 adders
  26 gnolls
  2 shadow imps
  A white imp (D:6)
  3 ufetubi
  8 adder zombies (Ossuary)
  3 worms
  2 dart slugs
  22 orcs
  5 ball pythons
  4 bats
  6 endoplasms (D:2)
  A giant cockroach (D:1)
  13 goblins
  10 hobgoblins
  7 jackals
  6 quokkas
  A frilled lizard (D:1)
  2 gnoll zombies (Ossuary)
  2 hobgoblin zombies (Ossuary)
  2 kobolds (D:2)
  2 kobold zombies (Ossuary)
  7 orc zombies (Ossuary)
  9 rats
270 creatures vanquished.

Vanquished Creatures (others)
  38 fungi (D:11)
  42 plants (D:11)
80 creatures vanquished.

Grand Total: 350 creatures vanquished

Notes
Turn   | Place    | Note
-------+----------+-------------------------------------------
     0 | D:1      | qw the Troll Cinder Acolyte began the quest for the Orb.
     0 | D:1      | Reached XP level 1. HP: 22/22 MP: 1/1
     0 | D:1      | 0 ||| qw: Version: 0.1-a-97-g2dd2ca4
     0 | D:1      | 0 ||| qw: Game counter: 4749
     0 | D:1      | 0 ||| qw: Always use a shield: true
     0 | D:1      | 0 ||| qw: God list: Okawaru
     0 | D:1      | 0 ||| qw: Allow faded altars: false
     0 | D:1      | 0 ||| qw: Do Orc after D:15 true
     0 | D:1      | 0 ||| qw: Do second Lair branch before Depths: true
     0 | D:1      | 0 ||| qw: Lair rune preference: random
     0 | D:1      | 0 ||| qw: Plans: Normal
     0 | D:1      | 0 ||| PLANNING D:1-11
   103 | D:1      | Reached XP level 2. HP: 24/29 MP: 2/2
   364 | D:1      | Found a faded altar of an unknown god.
   558 | D:1      | 558 ||| UPGRADING to amulet of the acrobat.
   563 | D:1      | 563 ||| READING scroll labelled QYAHAOLEOR.
   564 | D:1      | 564 ||| READING scroll labelled FIESIKH JINK.
   565 | D:1      | 565 ||| DRINKING 2 green potions.
   566 | D:1      | 566 ||| Stepping randomly (stuck).
   567 | D:1      | 567 ||| Stepping ~*~*~tactically~*~*~ (cloud).
   754 | D:2      | Reached skill level 4 in Unarmed Combat
   754 | D:2      | Reached XP level 3. HP: 36/36 MP: 3/3
   768 | D:2      | 768 ||| INVOKING Fiery Armour.
   771 | D:2      | 771 ||| Stepping ~*~*~tactically~*~*~ (stealth).
   774 | D:2      | 774 ||| Stepping ~*~*~tactically~*~*~ (outnumbered).
   778 | D:2      | 778 ||| Stepping ~*~*~tactically~*~*~ (outnumbered).
   787 | D:2      | Reached skill level 5 in Unarmed Combat
   787 | D:2      | Reached XP level 4. HP: 28/44 MP: 4/4
   787 | D:2      | 787 ||| FLEEEEING.
   789 | D:2      | 789 ||| FLEEEEING.
   790 | D:2      | 790 ||| FLEEEEING.
   791 | D:2      | 791 ||| FLEEEEING.
   792 | D:2      | 792 ||| FLEEEEING.
   793 | D:2      | 793 ||| FLEEEEING.
   797 | D:2      | 797 ||| FLEEEEING.
   798 | D:2      | 798 ||| FLEEEEING.
   825 | D:2      | 825 ||| Stepping ~*~*~tactically~*~*~ (outnumbered).
   940 | D:2      | Identified the +0 buckler "Bequap" {Str+5}
  1378 | D:2      | 1378 ||| INVOKING Fiery Armour.
  1488 | D:2      | 1488 ||| UPGRADING to +6 ring of strength.
  1489 | D:2      | 1489 ||| READING 3 scrolls labelled GENNUX EN LAE.
  1490 | D:2      | 1490 ||| READING scroll labelled KUOSHUNT XYESMYMM.
  1491 | D:2      | 1491 ||| READING scroll labelled BEONEBL TEIS.
  1492 | D:2      | 1492 ||| DRINKING 2 brown potions.
  1493 | D:2      | 1493 ||| DRINKING 2 lumpy emerald potions.
  1537 | D:2      | 1537 ||| DRINKING 2 viscous inky potions.
  1642 | D:2      | 1642 ||| READING 2 scrolls of identify.
  1642 | D:2      | 1642 ||| IDENTIFYING clear potion
  1643 | D:2      | 1643 ||| DROPPING potion of attraction.
  1644 | D:2      | 1644 ||| DROPPING potion of lignification.
  1645 | D:2      | 1645 ||| DROPPING potion of berserk rage.
  1662 | D:3      | Reached XP level 5. HP: 50/50 MP: 5/5
  1677 | D:3      | 1677 ||| Stepping ~*~*~tactically~*~*~ (stealth).
  1680 | D:3      | 1680 ||| Stepping ~*~*~tactically~*~*~ (stealth).
  1682 | D:3      | 1682 ||| Stepping ~*~*~tactically~*~*~ (stealth).
  1956 | D:3      | Reached skill level 6 in Unarmed Combat
  2027 | D:3      | Noticed a +0 falchion
  2032 | D:3      | Noticed a +0 spear
  2032 | D:3      | Noticed a +0 short sword
  2032 | D:3      | Noticed a +0 falchion
  2032 | D:3      | Noticed a +0 dagger
  2032 | D:3      | Noticed a +0 dagger
  2033 | D:3      | Noticed a +0 spear
  2044 | D:3      | Found a hide-covered altar of Uskayaw.
  2052 | D:3      | Noticed a +0 short sword
  2067 | D:3      | 2067 ||| Stepping ~*~*~tactically~*~*~ (stealth).
  2334 | D:3      | 2334 ||| READING scroll labelled JEIKHL EFIUCVI.
  2335 | D:3      | 2335 ||| DRINKING 2 blue potions.
  2336 | D:3      | 2336 ||| READING 2 scrolls of identify.
  2336 | D:3      | 2336 ||| IDENTIFYING fuming white potion
  2337 | D:3      | 2337 ||| DROPPING potion of brilliance.
  2387 | D:4      | 2387 ||| INVOKING Fiery Armour.
  2388 | D:4      | 2388 ||| STAIRDANCE
  2408 | D:4      | 2408 ||| STAIRDANCE
  2408 | D:4      | Noticed Robin
  2425 | D:4      | 2425 ||| STAIRDANCE
  2427 | D:3      | 2427 ||| Stepping ~*~*~tactically~*~*~ (outnumbered).
  2428 | D:3      | 2428 ||| Stepping ~*~*~tactically~*~*~ (outnumbered).
  2429 | D:3      | 2429 ||| Stepping ~*~*~tactically~*~*~ (outnumbered).
  2439 | D:4      | 2439 ||| STAIRDANCE
  2449 | D:4      | 2449 ||| STAIRDANCE
  2451 | D:3      | Killed Robin
  2464 | D:4      | 2464 ||| STAIRDANCE
  2467 | D:3      | Reached XP level 6. HP: 59/59 MP: 6/6
  2572 | D:4      | Found an opulent altar of Gozag.
  2651 | D:4      | Found a staircase to the Ecumenical Temple.
  2722 | D:4      | 2722 ||| Stepping ~*~*~tactically~*~*~ (hiding).
  2729 | D:4      | Reached skill level 7 in Unarmed Combat
  2844 | D:4      | Found an ornate altar of the Wu Jian Council.
  2894 | D:4      | Found a sacrificial altar of Ru.
  2895 | D:4      | Found a stormy altar of Qazlal.
  2896 | D:4      | Found a shimmering altar of Xom.
  3032 | D:4      | 3032 ||| READING scroll labelled TOISUN IBBEUJ.
  3051 | D:5      | Entered Level 5 of the Dungeon
  3066 | D:5      | Found the +8 trident of the Octopus King {venom, rElec
                  | rPois}
  3105 | D:5      | Noticed Prince Ribbit
  3145 | D:5      | Killed Prince Ribbit
  3146 | D:5      | Reached skill level 8 in Unarmed Combat
  3146 | D:5      | Reached XP level 7. HP: 66/66 MP: 7/7
  3266 | D:5      | 3266 ||| Stepping ~*~*~tactically~*~*~ (stealth).
  3274 | D:5      | Reached skill level 3 in Fighting
  3331 | D:5      | Found Peps's Antique Weapon Emporium.
  3354 | D:5      | 3354 ||| Stepping ~*~*~tactically~*~*~ (outnumbered).
  3356 | D:5      | 3356 ||| Stepping ~*~*~tactically~*~*~ (outnumbered).
  3357 | D:5      | 3357 ||| Stepping ~*~*~tactically~*~*~ (outnumbered).
  3358 | D:5      | 3358 ||| Stepping ~*~*~tactically~*~*~ (outnumbered).
  3359 | D:5      | 3359 ||| Stepping ~*~*~tactically~*~*~ (outnumbered).
  3361 | D:5      | 3361 ||| Stepping ~*~*~tactically~*~*~ (outnumbered).
  3362 | D:5      | 3362 ||| Stepping ~*~*~tactically~*~*~ (outnumbered).
  3363 | D:5      | 3363 ||| Stepping ~*~*~tactically~*~*~ (outnumbered).
  3365 | D:5      | 3365 ||| INVOKING Fiery Armour.
  3366 | D:5      | 3366 ||| Stepping ~*~*~tactically~*~*~ (outnumbered).
  3369 | D:5      | 3369 ||| Stepping ~*~*~tactically~*~*~ (outnumbered).
  3372 | D:5      | 3372 ||| Stepping ~*~*~tactically~*~*~ (outnumbered).
  3373 | D:5      | 3373 ||| Stepping ~*~*~tactically~*~*~ (outnumbered).
  3375 | D:5      | 3375 ||| Stepping ~*~*~tactically~*~*~ (outnumbered).
  3376 | D:5      | 3376 ||| Stepping ~*~*~tactically~*~*~ (outnumbered).
  3377 | D:5      | 3377 ||| Stepping ~*~*~tactically~*~*~ (outnumbered).
  3378 | D:5      | 3378 ||| Stepping ~*~*~tactically~*~*~ (outnumbered).
  3379 | D:5      | 3379 ||| Stepping ~*~*~tactically~*~*~ (outnumbered).
  3392 | D:5      | 3392 ||| Stepping ~*~*~tactically~*~*~ (stealth).
  3483 | D:5      | Reached skill level 9 in Unarmed Combat
  3585 | D:5      | 3585 ||| Stepping ~*~*~tactically~*~*~ (stealth).
  3591 | D:5      | Reached XP level 8. HP: 72/75 MP: 8/8
  3618 | D:5      | Reached skill level 1 in Throwing
  3644 | D:5      | Reached skill level 1 in Dodging
  3881 | D:5      | Reached skill level 10 in Unarmed Combat
  3897 | D:5      | 3897 ||| Stepping ~*~*~tactically~*~*~ (hiding).
  4050 | D:5      | 4050 ||| READING scroll labelled ERHAQE PEAGASE.
  4151 | D:5      | 4151 ||| READING 3 scrolls of identify.
  4151 | D:5      | 4151 ||| IDENTIFYING smoky purple potion
  4152 | D:5      | 4152 ||| READING 2 scrolls of identify.
  4152 | D:5      | 4152 ||| IDENTIFYING sedimented amethyst potion
  4187 | D:6      | 4187 ||| PLANNING OSSUARY
  4199 | D:6      | Found a broken altar of Ashenzari.
  4201 | D:6      | 4201 ||| Stepping randomly (stuck).
  4203 | D:6      | 4203 ||| Stepping randomly (stuck).
  4204 | D:6      | 4204 ||| Stepping randomly (stuck).
  4205 | D:6      | 4205 ||| Stepping randomly (stuck).
  4207 | D:6      | 4207 ||| Stepping randomly (stuck).
  4208 | D:6      | 4208 ||| Stepping randomly (stuck).
  4209 | D:6      | 4209 ||| Stepping randomly (stuck).
  4210 | D:6      | 4210 ||| Stepping randomly (stuck).
  4211 | D:6      | 4211 ||| Stepping randomly (stuck).
  4212 | D:6      | 4212 ||| Stepping randomly (stuck).
  4213 | D:6      | 4213 ||| Stepping randomly (stuck).
  4214 | D:6      | 4214 ||| Stepping randomly (stuck).
  4215 | D:6      | 4215 ||| Stepping randomly (stuck).
  4216 | D:6      | 4216 ||| Stepping randomly (stuck).
  4217 | D:6      | 4217 ||| Stepping randomly (stuck).
  4218 | D:6      | 4218 ||| Stepping randomly (stuck).
  4219 | D:6      | 4219 ||| Stepping randomly (stuck).
  4220 | D:6      | 4220 ||| Stepping randomly (stuck).
  4221 | D:6      | 4221 ||| Stepping randomly (stuck).
  4222 | D:6      | 4222 ||| Stepping randomly (stuck).
  4223 | D:6      | 4223 ||| Stepping randomly (stuck).
  4224 | D:6      | 4224 ||| Stepping randomly (stuck).
  4225 | D:6      | 4225 ||| Stepping randomly (stuck).
  4226 | D:6      | 4226 ||| Stepping randomly (stuck).
  4227 | D:6      | 4227 ||| Stepping randomly (stuck).
  4228 | D:6      | 4228 ||| Stepping randomly (stuck).
  4229 | D:6      | 4229 ||| Stepping randomly (stuck).
  4230 | D:6      | 4230 ||| Stepping randomly (stuck).
  4231 | D:6      | 4231 ||| Stepping randomly (stuck).
  4233 | D:6      | 4233 ||| Stepping randomly (stuck).
  4344 | D:6      | 4344 ||| Stepping ~*~*~tactically~*~*~ (hiding).
  4345 | D:6      | 4345 ||| Stepping ~*~*~tactically~*~*~ (hiding).
  4347 | D:6      | 4347 ||| Stepping ~*~*~tactically~*~*~ (outnumbered).
  4357 | D:6      | 4357 ||| Stepping ~*~*~tactically~*~*~ (outnumbered).
  4359 | D:6      | 4359 ||| Stepping ~*~*~tactically~*~*~ (outnumbered).
  4361 | D:6      | 4361 ||| Stepping ~*~*~tactically~*~*~ (outnumbered).
  4363 | D:6      | 4363 ||| Stepping ~*~*~tactically~*~*~ (outnumbered).
  4368 | D:6      | 4368 ||| INVOKING Fiery Armour.
  4370 | D:6      | 4370 ||| FLEEEEING.
  4371 | D:6      | 4371 ||| FLEEEEING.
  4372 | D:6      | 4372 ||| FLEEEEING.
  4373 | D:6      | 4373 ||| FLEEEEING.
  4375 | D:6      | 4375 ||| FLEEEEING.
  4376 | D:6      | 4376 ||| FLEEEEING.
  4377 | D:6      | 4377 ||| FLEEEEING.
  4381 | D:6      | 4381 ||| FLEEEEING.
  4382 | D:6      | 4382 ||| STAIRDANCE
  4405 | D:5      | 4405 ||| READING scroll labelled GUTELE PUENACK.
  4406 | D:5      | 4406 ||| READING scroll labelled SAZETSOSSA.
  4425 | D:6      | Reached skill level 11 in Unarmed Combat
  4425 | D:6      | Reached XP level 9. HP: 84/84 MP: 9/9
  4448 | D:6      | Identified the +1 robe of the Good {Int+5}
  4500 | D:6      | Found a sand-covered staircase.
  4501 | D:6      | 4501 ||| UPGRADING to +1 robe of the Good {Int+5}.
  4511 | D:6      | 4511 ||| DROPPING +0 robe.
  4515 | Ossuary  | Entered an ossuary
  4611 | Ossuary  | 4611 ||| INVOKING Fiery Armour.
  4661 | Ossuary  | 4661 ||| READING scroll labelled BUKKIE XUOGUL.
  4662 | Ossuary  | 4662 ||| DRINKING 2 coppery potions.
  4663 | Ossuary  | 4663 ||| DRINKING 2 lumpy red potions.
  4664 | Ossuary  | 4664 ||| DROPPING potion of invisibility.
  4665 | Ossuary  | 4665 ||| DROPPING potion of degeneration.
  4673 | D:6      | 4673 ||| PLANNING D:1-11
  4717 | D:6      | Found a blossoming altar of Fedhas.
  4819 | D:6      | 4819 ||| Stepping ~*~*~tactically~*~*~ (outnumbered).
  4820 | D:6      | 4820 ||| Stepping ~*~*~tactically~*~*~ (outnumbered).
  4821 | D:6      | 4821 ||| Stepping ~*~*~tactically~*~*~ (outnumbered).
  4822 | D:6      | 4822 ||| Stepping ~*~*~tactically~*~*~ (outnumbered).
  4823 | D:6      | 4823 ||| Stepping ~*~*~tactically~*~*~ (outnumbered).
  5096 | D:7      | 5096 ||| Stepping ~*~*~tactically~*~*~ (hiding).
  5097 | D:7      | 5097 ||| Stepping ~*~*~tactically~*~*~ (hiding).
  5102 | D:7      | Reached skill level 12 in Unarmed Combat
  5856 | D:7      | 5856 ||| Stepping ~*~*~tactically~*~*~ (outnumbered).
  5857 | D:7      | 5857 ||| DRINKING 6 potions of curing.
  5857 | D:7      | 5857 ||| (to cure confusion)
  5888 | D:7      | 5888 ||| Stepping ~*~*~tactically~*~*~ (hiding).
  5889 | D:7      | 5889 ||| Stepping ~*~*~tactically~*~*~ (hiding).
  6292 | D:7      | 6292 ||| READING scroll labelled UCAREO BUAC.
  6331 | D:7      | 6331 ||| READING scroll labelled IRIVUS XOUDYNT.
  6392 | D:8      | 6392 ||| Stepping ~*~*~tactically~*~*~ (stealth).
  6409 | D:8      | 6409 ||| INVOKING Fiery Armour.
  6416 | D:8      | HP: 21/88 [yak (6)]
  6417 | D:8      | 6417 ||| DRINKING 2 potions of heal wounds.
  6496 | D:8      | Reached skill level 13 in Unarmed Combat
  6624 | D:8      | 6624 ||| FLEEEEING.
  6626 | D:8      | 6626 ||| FLEEEEING.
  6627 | D:8      | 6627 ||| FLEEEEING.
  6628 | D:8      | 6628 ||| FLEEEEING.
  6629 | D:8      | 6629 ||| FLEEEEING.
  6677 | D:8      | Reached XP level 10. HP: 94/95 MP: 10/10
  6844 | D:8      | 6844 ||| Stepping ~*~*~tactically~*~*~ (hiding).
  7058 | D:8      | Found a snail-covered altar of Cheibriados.
  7182 | D:8      | Found a shadowy altar of Dithmenos.
  7182 | D:8      | Found a white marble altar of Elyvilon.
  7293 | D:8      | 7293 ||| READING 2 scrolls labelled DYLOCU QUATU.
  7294 | D:8      | 7294 ||| DROPPING scroll of vulnerability.
  7451 | D:9      | Reached skill level 3 in Throwing
  7451 | D:9      | 7451 ||| FLEEEEING.
  7452 | D:9      | 7452 ||| FLEEEEING.
  7453 | D:9      | 7453 ||| FLEEEEING.
  7454 | D:9      | 7454 ||| FLEEEEING.
  7455 | D:9      | 7455 ||| FLEEEEING.
  7456 | D:9      | 7456 ||| FLEEEEING.
  7457 | D:9      | 7457 ||| FLEEEEING.
  7458 | D:9      | 7458 ||| DRINKING 5 potions of curing.
  7458 | D:9      | 7458 ||| (to cure confusion)
  7459 | D:9      | 7459 ||| FLEEEEING.
  7460 | D:9      | 7460 ||| FLEEEEING.
  7461 | D:9      | 7461 ||| FLEEEEING.
  7462 | D:9      | 7462 ||| FLEEEEING.
  7463 | D:9      | 7463 ||| FLEEEEING.
  7464 | D:9      | 7464 ||| FLEEEEING.
  7485 | D:9      | 7485 ||| Stepping ~*~*~tactically~*~*~ (stealth).
  7487 | D:9      | 7487 ||| Stepping ~*~*~tactically~*~*~ (stealth).
  7512 | D:9      | 7512 ||| Stepping ~*~*~tactically~*~*~ (outnumbered).
  7513 | D:9      | 7513 ||| Stepping ~*~*~tactically~*~*~ (outnumbered).
  7514 | D:9      | 7514 ||| Stepping ~*~*~tactically~*~*~ (outnumbered).
  7515 | D:9      | 7515 ||| Stepping ~*~*~tactically~*~*~ (outnumbered).
  7516 | D:9      | 7516 ||| Stepping ~*~*~tactically~*~*~ (outnumbered).
  7518 | D:9      | 7518 ||| Stepping ~*~*~tactically~*~*~ (outnumbered).
  7519 | D:9      | 7519 ||| Stepping ~*~*~tactically~*~*~ (outnumbered).
  7520 | D:9      | 7520 ||| Stepping ~*~*~tactically~*~*~ (outnumbered).
  7521 | D:9      | 7521 ||| Stepping ~*~*~tactically~*~*~ (outnumbered).
  7522 | D:9      | 7522 ||| Stepping ~*~*~tactically~*~*~ (outnumbered).
  7778 | D:9      | 7778 ||| INVOKING Fiery Armour.
  7784 | D:9      | 7784 ||| Stepping ~*~*~tactically~*~*~ (outnumbered).
  7786 | D:9      | 7786 ||| Stepping ~*~*~tactically~*~*~ (outnumbered).
  7787 | D:9      | 7787 ||| Stepping ~*~*~tactically~*~*~ (outnumbered).
  7788 | D:9      | 7788 ||| Stepping ~*~*~tactically~*~*~ (outnumbered).
  7789 | D:9      | 7789 ||| Stepping ~*~*~tactically~*~*~ (outnumbered).
  7790 | D:9      | 7790 ||| Stepping ~*~*~tactically~*~*~ (outnumbered).
  7793 | D:9      | 7793 ||| Stepping ~*~*~tactically~*~*~ (outnumbered).
  8224 | D:9      | 8224 ||| UPGRADING to +0 kite shield.
  8229 | D:9      | 8229 ||| READING scroll labelled SUYMOE UCAQE.
  8245 | D:10     | Entered Level 10 of the Dungeon
  8265 | D:10     | Reached skill level 1 in Shields
  8268 | D:10     | 8268 ||| FLEEEEING.
  8269 | D:10     | 8269 ||| FLEEEEING.
  8270 | D:10     | 8270 ||| FLEEEEING.
  8271 | D:10     | 8271 ||| FLEEEEING.
  8272 | D:10     | 8272 ||| FLEEEEING.
  8273 | D:10     | 8273 ||| FLEEEEING.
  8281 | D:10     | 8281 ||| INVOKING Fiery Armour.
  8281 | D:10     | HP: 22/96 [troll (7)]
  8282 | D:10     | 8282 ||| READING scroll of teleportation.
  8283 | D:10     | 8283 ||| DRINKING 2 potions of heal wounds.
  8358 | D:10     | Found a staircase to the Orcish Mines.
  8410 | D:10     | 8410 ||| Stepping ~*~*~tactically~*~*~ (outnumbered).
  8411 | D:10     | 8411 ||| Stepping ~*~*~tactically~*~*~ (outnumbered).
  8412 | D:10     | 8412 ||| Stepping ~*~*~tactically~*~*~ (outnumbered).
  8417 | D:10     | Reached skill level 3 in Shields
  8419 | D:10     | 8419 ||| Stepping ~*~*~tactically~*~*~ (outnumbered).
  8420 | D:10     | 8420 ||| Stepping ~*~*~tactically~*~*~ (outnumbered).
  8421 | D:10     | 8421 ||| Stepping ~*~*~tactically~*~*~ (outnumbered).
  8422 | D:10     | 8422 ||| Stepping ~*~*~tactically~*~*~ (outnumbered).
  8423 | D:10     | 8423 ||| Stepping ~*~*~tactically~*~*~ (outnumbered).
  8424 | D:10     | 8424 ||| Stepping ~*~*~tactically~*~*~ (outnumbered).
  8712 | D:10     | 8712 ||| Stepping ~*~*~tactically~*~*~ (hiding).
  8719 | D:10     | 8719 ||| Stepping ~*~*~tactically~*~*~ (outnumbered).
  8720 | D:10     | 8720 ||| Stepping ~*~*~tactically~*~*~ (outnumbered).
  8721 | D:10     | 8721 ||| Stepping ~*~*~tactically~*~*~ (hiding).
  8722 | D:10     | 8722 ||| Stepping ~*~*~tactically~*~*~ (outnumbered).
  8723 | D:10     | 8723 ||| Stepping ~*~*~tactically~*~*~ (outnumbered).
  8724 | D:10     | 8724 ||| Stepping ~*~*~tactically~*~*~ (outnumbered).
  8725 | D:10     | 8725 ||| Stepping ~*~*~tactically~*~*~ (outnumbered).
  8729 | D:10     | 8729 ||| Stepping ~*~*~tactically~*~*~ (outnumbered).
  9055 | D:10     | 9055 ||| Stepping ~*~*~tactically~*~*~ (hiding).
  9062 | D:10     | 9062 ||| Stepping ~*~*~tactically~*~*~ (outnumbered).
  9077 | D:10     | 9077 ||| UPGRADING to +0 acid dragon scales.
  9087 | D:10     | 9087 ||| DROPPING +1 robe of the Good {Int+5}.
  9088 | D:10     | 9088 ||| READING 2 scrolls of enchant armour.
  9088 | D:10     | 9088 ||| ENCHANTING +0 acid dragon scales.
  9089 | D:10     | 9089 ||| READING scroll of enchant armour.
  9089 | D:10     | 9089 ||| ENCHANTING +1 acid dragon scales.
  9090 | D:10     | 9090 ||| UPGRADING to amulet of reflection.
  9100 | D:10     | 9100 ||| DROPPING amulet of the acrobat.
  9101 | D:10     | 9101 ||| DROPPING ring of wizardry.
  9102 | D:10     | 9102 ||| UPGRADING to ring of positive energy.
  9103 | D:10     | 9103 ||| READING 4 scrolls of identify.
  9103 | D:10     | 9103 ||| IDENTIFYING black potion
  9104 | D:10     | 9104 ||| DROPPING potion of flight.
  9155 | D:11     | Noticed a cyclops
  9157 | D:11     | 9157 ||| FLEEEEING.
  9159 | D:11     | 9159 ||| FLEEEEING.
  9160 | D:11     | 9160 ||| FLEEEEING.
  9161 | D:11     | 9161 ||| FLEEEEING.
  9162 | D:11     | 9162 ||| STAIRDANCE
  9175 | D:11     | Killed a cyclops
  9176 | D:11     | Reached skill level 1 in Armour
  9177 | D:11     | 9177 ||| STAIRDANCE
  9177 | D:11     | Noticed a gargoyle
  9200 | D:11     | Killed a gargoyle
  9239 | D:11     | Noticed a tengu warrior
  9244 | D:11     | 9244 ||| Stepping ~*~*~tactically~*~*~ (outnumbered).
  9248 | D:11     | Killed a tengu warrior
  9248 | D:11     | Noticed a boulder beetle
  9249 | D:11     | Reached skill level 6 in Shields
  9249 | D:11     | Reached XP level 11. HP: 77/104 MP: 11/11
  9249 | D:11     | 9249 ||| INVOKING Fiery Armour.
  9263 | D:11     | HP: 16/104 [boulder beetle (15)]
  9264 | D:11     | 9264 ||| READING scroll of teleportation.
  9265 | D:11     | 9265 ||| DRINKING 3 potions of heal wounds.
  9285 | D:11     | Found a staircase to the Lair.
  9293 | D:11     | HP: 25/104 [water moccasin (7)]
  9294 | D:11     | 9294 ||| DRINKING 2 potions of heal wounds.
  9359 | D:11     | Noticed Maurice
  9366 | D:11     | Noticed a boulder beetle
  9367 | D:11     | 9367 ||| INVOKING Fiery Armour.
  9377 | D:11     | 9377 ||| Stepping ~*~*~tactically~*~*~ (outnumbered).
  9379 | D:11     | 9379 ||| Stepping ~*~*~tactically~*~*~ (outnumbered).
  9380 | D:11     | 9380 ||| Stepping ~*~*~tactically~*~*~ (outnumbered).
  9381 | D:11     | 9381 ||| Stepping ~*~*~tactically~*~*~ (outnumbered).
  9383 | D:11     | 9383 ||| Stepping ~*~*~tactically~*~*~ (outnumbered).
  9384 | D:11     | 9384 ||| Stepping ~*~*~tactically~*~*~ (outnumbered).
  9386 | D:11     | Identified the +8 rapier "Moenamil" {pain, Contam rElec rF+
                  | rCorr}
  9390 | D:11     | 9390 ||| Stepping ~*~*~tactically~*~*~ (outnumbered).
  9391 | D:11     | 9391 ||| Stepping ~*~*~tactically~*~*~ (outnumbered).
  9392 | D:11     | 9392 ||| Stepping ~*~*~tactically~*~*~ (outnumbered).
  9392 | D:11     | HP: 24/104 [meliai/divine providence (15)]
  9393 | D:11     | 9393 ||| DRINKING potion of heal wounds.
  9394 | D:11     | Killed a boulder beetle
  9397 | D:11     | 9397 ||| Stepping ~*~*~tactically~*~*~ (outnumbered).
  9397 | D:11     | HP: 15/104 [meliai/divine providence (9)]
  9397 | D:11     | HP: 7/104 [troll (8)]
  9398 | D:11     | Killed Maurice
  9398 | D:11     | Slain by a meliai

Levels and vault maps discovered:
D:1:      kennysheep_arrival_seaside, layout_basic,
          shapermc_ecumenical_altar_mp_ritualfount
D:2:      kb_forest_paths, layout_basic
D:3:      layout_loops_ring, nicolae_uskayaw_en_pointe
D:4:      layout_cave_pools, chequers_temple_overflow_statue_of_worship,
          nzn_wu_jian_council_hall, minmay_temple_entry_glass, hex_medium,
          uniq_robin
D:5:      minmay_bubble_buster, layout_basic, serial_shops,
          nicolae_shop_behind_doors, uniq_prince_ribbit1
D:6:      layout_cave_pools, fedhas_ov_isle_minmay, nicolae_ashenzari_skybound,
          serial_demonic, serial_demonic_f, serial_demonic_g, serial_demonic_g,
          serial_demonic_d, nicolae_ossuary_entry_plus,
          hellmonk_bongcloud_opening, uniq_crazy_yiuf_cottage
D:7:      layout_layer_cave
D:8:      layout_basic, kennysheep_mini_moat, gammafunk_temple_overflow_elements
D:9:      layout_long_grid, amcnicky_mini_rare_corridor_liquid,
          hangedman_abyss_or_decor_clamps
D:10:     layout_irregular_city, orc_0_dummy
D:11:     minmay_the_grid_triangle_9x9_recursive_3_mashed
          [minmay_the_grid_triangle_9x9_windchime,
          minmay_the_grid_triangle_9x9_sprig,
          minmay_the_grid_triangle_9x9_empty,
          minmay_the_grid_triangle_9x9_prize_insulated,
          minmay_the_grid_triangle_9x9_flanged_cone,
          minmay_the_grid_triangle_9x9_alien,
          minmay_the_grid_triangle_9x9_impossible_snake,
          minmay_the_grid_triangle_9x9_intruding_spiral,
          minmay_the_grid_triangle_9x9_from_above], layout_long_grid,
          due_lair_maze_entry_diamond, portal_ice_cave_demonic_guard,
          uniq_maurice

Skill      XL: |  1  2  3  4  5  6  7  8  9 10 11 |
---------------+----------------------------------+-----
Unarmed Combat | 4 5 6 8 9 11 13 | 13.8
Fighting       | 3 4 5 |  5.3
Throwing       | 1 3 |  3.7
Dodging        | 1 |  1.1
Shields        | 6 8 |  8.6
Armour         | 1 |  1.8
Spellcasting   | |  1.0
Fire Magic     | |  2.1

Action                   |  1- 3 |  4- 6 |  7- 9 | 10-12 || total
-------------------------+-------+-------+-------+-------++-------
Melee: Unarmed           |    73 |   142 |   271 |   200 ||   686
       Punch             |     2 |     3 |    10 |     4 ||    19
Throw: Boomerang         |       |    37 |    23 |       ||    60
       Javelin           |       |       |       |    16 ||    16
       Large rock        |       |       |       |     5 ||     5
Invok: Fiery Armour      |     1 |     2 |     4 |     4 ||    11
  Use: Scroll            |     2 |     7 |     8 |     7 ||    24
       Potion            |     1 |     4 |     4 |     5 ||    14
Armor: Robe              |    19 |    43 |    47 |    34 ||   143
       Acid dragon scale |       |       |       |    64 ||    64
Dodge: Dodged            |    48 |    51 |   115 |   106 ||   320
Block: Kite shield       |       |       |       |    95 ||    95
       Reflection        |       |       |       |     2 ||     2

Table legend:
 A = Non-vault XP
 B = Vault XP
 C = Vault XP percentage of total XP
 D = Non-vault monster count
 E = Vault monster count
 F = Vault count percentage of total count
                 A         B        C        D         E       F
            +---------+---------+-------+---------+---------+-------
      Total |   10612 |    5771 |  35.2 |     189 |      81 |  30.0
            +---------+---------+-------+---------+---------+-------
        D:1 |      21 |       0 |   0.0 |      11 |       0 |   0.0
        D:2 |     157 |      11 |   6.5 |      31 |       6 |  16.2
        D:3 |     163 |      20 |  10.9 |      22 |       3 |  12.0
        D:4 |      41 |      18 |  30.5 |       8 |       9 |  52.9
        D:5 |     911 |     935 |  50.7 |      20 |      14 |  41.2
        D:6 |     665 |      83 |  11.1 |      15 |       5 |  25.0
        D:7 |     416 |       0 |   0.0 |      12 |       0 |   0.0
        D:8 |    1936 |       0 |   0.0 |      14 |       0 |   0.0
        D:9 |    1827 |       0 |   0.0 |      28 |       0 |   0.0
       D:10 |    2183 |       0 |   0.0 |      17 |       0 |   0.0
       D:11 |    2292 |    4295 |  65.2 |      11 |      17 |  60.7
    Ossuary |       0 |     409 | 100.0 |       0 |      27 | 100.0
            +---------+---------+-------+---------+---------+-------
